 Dungeon Crawl Stone Soup version 0.31-a0-1611-g890cdf5628 (webtiles) character file.

Game seed: 14703444009281320845

795 jlumianski the Ruffian (level 7, -3/79 HPs)
             Began as a Gnoll Shapeshifter on Jan 8, 2024.
             Slain by an elf zombie (7 damage)
             ... in an ossuary.
             The game lasted 00:11:16 (2593 turns).

jlumianski the Ruffian (Gnoll Shapeshifter)         Turns: 2593, Time: 00:11:16

Health: -3/79      AC:  2    Str: 15    XL:     7   Next: 89%
Magic:  11/11      EV: 13    Int: 10    God:
Gold:   180        SH:  0    Dex: 11    Spells: 11/11 levels left

rFire   + . .        q - +5 trident "Ufiv" {freeze, rF+ rCorr}
rCold   . . .        (no shield)
rNeg    . . .        a - +0 animal skin
rPois   +            (helmet currently unavailable)
rElec   .            (cloak currently unavailable)
rCorr   +            (gloves currently unavailable)
SInv    .            (boots currently unavailable)
Will    .....        (no amulet) Stlth
                     o - ring of poison resistance
HPRegen 0.33/turn    (no ring)
MPRegen 0.12/turn

%: no passive effects
@: berserking, beast-form, very quick
A: beast (slay +4), fangs 1, strong nose, distributed training
a: Begin Untransformation


You were in an ossuary.
You were a hulking beast.
You visited 1 branch of the dungeon, and saw 5 of its levels.
You also visited: Ossuary.

You collected 180 gold pieces.

Inventory:

Hand Weapons
 q - the +5 trident "Ufiv" (weapon) {freeze, rF+ rCorr}
   (You found it on level 3 of the Dungeon)

   rF+:       It protects you from fire.
   rCorr:     It protects you from acid and corrosion.
Armour
 a - a +0 animal skin (worn)
 f - a scarf of invisibility
 n - a +0 helmet
 r - a +0 pair of boots
 s - a +0 helmet
Jewellery
 o - a ring of poison resistance (left hand)
Talismans
 c - a beast talisman
 d - a flux talisman
 e - a maw talisman
Scrolls
 j - a scroll of enchant weapon
 k - a scroll of fear {unknown}
Potions
 b - a potion of lignification
 g - a potion of resistance
 i - a potion of invisibility
 l - a potion of heal wounds {unknown}
 m - a potion of degeneration {unknown}
 p - a potion of mutation {unknown}


   Skills:
 + Level 3.9 Fighting
 + Level 2.9 Short Blades
 + Level 2.9 Long Blades
 + Level 2.9 Axes
 + Level 2.9 Maces & Flails
 + Level 2.9 Polearms
 + Level 2.9 Staves
 + Level 2.9 Ranged Weapons
 + Level 2.9 Throwing
 + Level 2.9 Armour
 + Level 5.4 Dodging
 + Level 2.9 Stealth
 + Level 2.9 Shields
 + Level 7.2 Unarmed Combat
 + Level 2.9 Spellcasting
 + Level 2.3 Conjurations
 + Level 2.3 Hexes
 + Level 2.3 Summonings
 + Level 2.3 Necromancy
 + Level 2.3 Translocations
 + Level 2.3 Fire Magic
 + Level 2.3 Ice Magic
 + Level 2.3 Air Magic
 + Level 2.3 Earth Magic
 + Level 2.3 Alchemy
 + Level 3.2 Invocations
 + Level 2.9 Evocations
 + Level 7.1 Shapeshifting


You had 11 spell levels left.
You didn't know any spells.
Your spell library contained the following spells:

 Spells                   Type           Power      Damage    Failure   Level
 Blink                    Tloc           12%        N/A       16%         2
 Lesser Beckoning         Tloc           12%        N/A       16%         2
 Momentum Strike          Conj/Tloc      12%        3d8       16%         2
 Summon Forest            Summ/Tloc      3%         N/A       96%         5
 Summon Mana Viper        Hex/Summ       6%         N/A       96%         5
 Summon Cactus Giant      Summ           3%         N/A       100%        6


Dungeon Overview and Level Annotations

Branches:
Dungeon (5/15)            Ossuary (1/1)
 Temple: D:4-7

Altars:
Hepliaklqana

Shops:
D:4 (


Innate Abilities, Weirdness & Mutations

You are a hulking beast.
Your limbs bulge with bestial killing power. (Slay +4)
You have very sharp teeth.
Your uncanny sense of smell can sniff out nearby items.
Your experience applies equally to all skills.


Message History

The elf zombie is lightly damaged.
The elf zombie hits you.
You hit the elf zombie but do no damage.
You bite the elf zombie.
The elf zombie is moderately damaged.
The elf zombie closely misses you.
You puncture the elf zombie!
The elf zombie is heavily damaged.
The elf zombie hits you.
* * * LOW HITPOINT WARNING * * *
You puncture the elf zombie!
The elf zombie is heavily damaged.
The elf zombie hits you.
* * * LOW HITPOINT WARNING * * *
The elf zombie attacks as it pursues you!
The elf zombie hits you.
* * * LOW HITPOINT WARNING * * *
The elf zombie attacks as it pursues you!
The elf zombie hits you.
* * * LOW HITPOINT WARNING * * *
The elf zombie attacks as it pursues you!
The elf zombie barely misses you.
An elf zombie comes into view.
Okay, then.
Okay, then.
Unknown command.
Unknown command.
Unknown command.
Unknown command.
A red film seems to cover your vision as you go berserk!
You feel yourself moving faster!
You feel mighty!
You closely miss the elf zombie. You bite the elf zombie.
The elf zombie is severely damaged.
The elf zombie closely misses you.
You closely miss the elf zombie. Your bite misses the elf zombie.
The elf zombie is severely damaged.
You puncture the elf zombie!
The elf zombie is severely damaged.
The elf zombie hits you!
You die...

...................#
...................#
.......8..8...Z....#
.............Z.....#
.Z######..######...#
..# #.^# #...# ..#
#..# #ZZ.#
.Z#.####..####.#ZZ.#
.Z#.Z........Z.#h..#
..#.####.......#...#
..# #.......#...#
..# #.......#...#
..# #.∩.....#...#
..# ....+####Z..#
..# #...#∆∆∆#...#
..# ∆#...#∆∆∆#...#
..##############...#


You could see a kobold zombie and 4 elf zombies.

Vanquished Creatures
  Grinder (D:3)
  A centaur (D:3)
  An elf zombie (Ossuary)
  A bombardier beetle (D:4)
  2 centaur zombies (Ossuary)
  An orc priest (D:4)
  Natasha (twice) (D:3)
  An iguana (D:4)
  5 hound zombies (Ossuary)
  A mummy (D:4)
  Robin (D:2)
  4 adders
  5 adder zombies (Ossuary)
  A ribbon worm (D:4)
  11 orcs
  2 bats (D:1)
  2 endoplasms
  3 giant cockroaches
  A gnoll zombie (Ossuary)
  12 goblins
  9 hobgoblins
  3 jackals (D:3)
  3 quokkas
  5 ball pythons
  A frilled lizard (D:1)
  4 jackal zombies (Ossuary)
  5 kobolds
  5 kobold zombies (Ossuary)
  3 orc zombies (Ossuary)
  3 rats
99 creatures vanquished.

Notes
Turn   | Place    | Note
-------+----------+-------------------------------------------
     0 | D:1      | jlumianski the Gnoll Shapeshifter began the quest for the
                  | Orb.
     0 | D:1      | Reached XP level 1. HP: 17/17 MP: 1/1
   226 | D:2      | Reached XP level 2. HP: 16/23 MP: 2/2
   264 | D:2      | Reached XP level 3. HP: 28/28 MP: 3/3
   480 | D:2      | Noticed Robin
   490 | D:1      | Reached skill level 1 in Invocations
   842 | D:1      | Reached skill level 1 in Short Blades
   842 | D:1      | Reached skill level 1 in Long Blades
   842 | D:1      | Reached skill level 1 in Axes
   842 | D:1      | Reached skill level 1 in Maces & Flails
   842 | D:1      | Reached skill level 1 in Polearms
   842 | D:1      | Reached skill level 1 in Staves
   842 | D:1      | Reached skill level 1 in Ranged Weapons
   842 | D:1      | Reached skill level 1 in Throwing
   842 | D:1      | Reached skill level 1 in Armour
   842 | D:1      | Reached skill level 1 in Stealth
   842 | D:1      | Reached skill level 1 in Shields
   842 | D:1      | Reached skill level 1 in Spellcasting
   842 | D:1      | Reached skill level 1 in Evocations
   956 | D:2      | Killed Robin
   957 | D:2      | Reached XP level 4. HP: 25/34 MP: 5/5
  1148 | D:3      | Reached skill level 1 in Conjurations
  1148 | D:3      | Reached skill level 1 in Hexes
  1148 | D:3      | Reached skill level 1 in Summonings
  1148 | D:3      | Reached skill level 1 in Necromancy
  1148 | D:3      | Reached skill level 1 in Translocations
  1148 | D:3      | Reached skill level 1 in Fire Magic
  1148 | D:3      | Reached skill level 1 in Ice Magic
  1148 | D:3      | Reached skill level 1 in Air Magic
  1148 | D:3      | Reached skill level 1 in Earth Magic
  1148 | D:3      | Reached skill level 1 in Alchemy
  1227 | D:3      | Noticed a centaur
  1234 | D:3      | Killed a centaur
  1235 | D:3      | Reached XP level 5. HP: 7/41 MP: 5/7
  1466 | D:3      | Noticed Natasha
  1473 | D:3      | Killed Natasha
  1480 | D:3      | Identified the +5 trident "Ufiv" {freeze, rF+ rCorr}
  1496 | D:3      | Noticed Natasha
  1499 | D:3      | Killed Natasha
  1557 | D:3      | Noticed Grinder
  1574 | D:3      | Killed Grinder
  1575 | D:3      | Reached skill level 5 in Dodging
  1575 | D:3      | Reached XP level 6. HP: 9/47 MP: 7/9
  1732 | D:4      | Reached XP level 7. HP: 43/52 MP: 10/10
  1743 | D:4      | Found Lompip's Weapon Emporium.
  1927 | D:5      | Entered Level 5 of the Dungeon
  2077 | D:4      | Found a hazy altar of Hepliaklqana.
  2177 | D:4      | Found a sand-covered staircase.
  2186 | Ossuary  | Entered an ossuary
  2586 | Ossuary  | HP: 1/53 [elf zombie (4)]
  2593 | Ossuary  | Slain by an elf zombie

Illustrated notes

Levels and vault maps discovered:
D:1:      dpeg_arrival_water_temple_mockup, layout_loops_ring
D:2:      layout_basic, uniq_robin, uniq_jessica, uniq_sigmund, uniq_terence
D:3:      wad_river_or_something, layout_basic, uniq_natasha, uniq_grinder
D:4:      layout_loops_ring, mainiacjoe_overflow_alcove_1,
          gup_ossuary_entry_pyramid, serial_shops,
          nicolae_shop_bloodbath_and_beyond
D:5:      layout_rooms, nicolae_qazlal_style_of_elements,
          mainiacjoe_overflow_big_doors, lemuel_doored_altar,
          uniq_prince_ribbit1, uniq_edmund
Ossuary:  ossuary_tomb_1

Skill      XL: |  1  2  3  4  5  6  7 |
---------------+----------------------+-----
Invocations    | 1 2 3 |  3.2
Short Blades   | 1 2 |  2.9
Long Blades    | 1 2 |  2.9
Axes           | 1 2 |  2.9
Maces & Flails | 1 2 |  2.9
Polearms       | 1 2 |  2.9
Staves         | 1 2 |  2.9
Ranged Weapons | 1 2 |  2.9
Throwing       | 1 2 |  2.9
Armour         | 1 2 |  2.9
Stealth        | 1 2 |  2.9
Shields        | 1 2 |  2.9
Spellcasting   | 1 2 |  2.9
Evocations     | 1 2 |  2.9
Conjurations   | 1 2 |  2.3
Hexes          | 1 2 |  2.3
Summonings     | 1 2 |  2.3
Necromancy     | 1 2 |  2.3
Translocations | 1 2 |  2.3
Fire Magic     | 1 2 |  2.3
Ice Magic      | 1 2 |  2.3
Air Magic      | 1 2 |  2.3
Earth Magic    | 1 2 |  2.3
Alchemy        | 1 2 |  2.3
Fighting       | 3 |  3.9
Dodging        | 5 |  5.4
Unarmed Combat | 7 |  7.2
Shapeshifting  | 7 |  7.1

Action                     |  1- 3 |  4- 6 |  7- 9 || total
---------------------------+-------+-------+-------++-------
  Melee: Unarmed           |    52 |    40 |       ||    92
         Bite              |     4 |     5 |     7 ||    16
         Punch             |     1 |       |     3 ||     4
         Trident           |       |    17 |   116 ||   133
    Use: Scroll            |     3 |     3 |       ||     6
         Potion            |     1 |       |     1 ||     2
   Stab: Sleeping          |     1 |       |     2 ||     3
 Armour: Animal skin       |    41 |    31 |   104 ||   176
  Dodge: Dodged            |    47 |    21 |    96 ||   164

Table legend: (Time is in decaauts)
 A = Elapsed time spent in this place.
 B = Non-inter-level travel time spent in this place.
 C = Inter-level travel time spent in this place.
 D = Time resting spent in this place.
 E = Time spent auto-exploring this place.
 F = Levels seen in this place.
 G = Mean time per level.
                   A        B        C        D        E       F      G
               +--------+--------+--------+--------+--------+-----+--------+
         Total |   2608 |   2575 |     33 |    538 |    857 |   6 |  434.7 |
       Dungeon |   2188 |   2155 |     33 |    434 |    840 |   5 |  437.6 |
       Ossuary |    419 |    419 |      0 |    104 |     17 |   1 |  419.0 |
               +--------+--------+--------+--------+--------+-----+--------+

Top non-repeatable levels by time:
     D:1: 859 daAuts
     D:3: 646 daAuts
     D:4: 487 daAuts
 Ossuary: 419 daAuts
     D:2: 193 daAuts
     D:5: 1 daAuts
